Map: King Sejong Station LE

Players

Elazer - Winner!

  • Race: Zerg Zerg

Nerchio

  • Race: Zerg Zerg

Event: 2016 WCS Global Finals

VOD

Have the link to the VOD?

Description

Time

  • Played on: Oct. 30, 2016, 2:32 p.m.
  • Length: 10:32

All games in this series

Show
View Real Time Build Order
Export as new Build Order

Elazer Zerg - Winner!

Build Orders: Hatch First 

Get SALT Encoding   

  12  0:00  Drone  
  13  0:12  Overlord  
  13  0:16  Drone  
  14  0:30  Drone x2  
  14  0:33  Drone  
  17  0:51  Hatchery  
  17  0:54  Drone  
  17  0:57  Drone  
  18  1:08  Extractor  
  17  1:12  Spawning Pool  
  17  1:15  Drone  
  17  1:18  Drone  
  18  1:27  Drone  
  19  1:38  Overlord  
  19  1:49  Drone  
  20  1:59  Drone, Queen  
  23  2:02  Queen  
  23  2:03  Zergling x2  
  23  2:07  Metabolic Boost  
  26  2:10  Drone  
  26  2:15  Drone  
  28  2:22  Drone  
  29  2:24  Drone  
  30  2:37  Hatchery  
  29  2:46  Zergling x2  
  29  2:47  Baneling Nest, Drone x2  
  31  2:52  Overlord  
  31  2:55  Drone  
  32  3:01  Drone  
  32  3:04  Zergling x2  
  34  3:09  Drone  
  34  3:10  Drone  
  34  3:11  Drone  
  37  3:15  Drone  
  37  3:17  Drone, Queen  
  41  3:22  Overlord  
  41  3:24  Drone  
  42  3:28  Drone x2  
  44  3:35  Roach Warren  
  44  3:36  Drone  
  44  3:40  Baneling x2  
  44  3:42  Drone x2  
  44  3:46  Drone, Extractor  
  44  3:47  Zergling x2  
  44  3:48  Zergling x2  
  48  3:53  Queen  
  50  3:58  Zergling x4  
  50  4:01  Baneling  
  52  4:04  Zergling x2  
  52  4:09  Queen  
  52  4:18  Drone x5, Overlord  
  52  4:21  Drone  
  58  4:27  Overlord  
  58  4:30  Overlord  
  58  4:33  Extractor  
  58  4:35  Evolution Chamber  
  49  4:39  Drone x4  
  49  4:41  Drone  
  50  4:51  Queen  
  52  4:54  Drone, Overlord  
  52  4:55  Drone x2  
  52  4:59  Overlord  
  54  5:03  Zerg Missile Weapons Level 1  
  54  5:07  Lair  
  54  5:10  Drone x2  
  54  5:13  Roach  
  58  5:14  Roach  
  58  5:18  Drone x2  
  58  5:20  Drone x2  
  64  5:22  Drone  
  64  5:23  Drone  
  64  5:25  Drone  
  64  5:27  Drone  
  67  5:28  Drone  
  67  5:30  Drone, Extractor  
  68  5:36  Roach x2  
  68  5:42  Roach x3  
  78  5:44  Overlord  
  78  5:46  Roach  
  78  5:47  Roach  
  78  5:49  Roach  
  83  5:53  Roach  
  83  5:54  Spine Crawler  
  83  5:56  Roach x2  
  89  6:00  Roach x2  
  89  6:02  Overlord  
  89  6:04  Roach  
  95  6:06  Roach  
  95  6:08  Glial Reconstitution  
  95  6:10  Roach  
  95  6:11  Roach  
  101  6:14  Roach x2  
  101  6:18  Overlord x2  
  105  6:24  Overlord x2  
  105  6:34  Overlord x2  
  105  6:38  Extractor  
  102  6:40  Drone x2  
  102  6:41  Drone  
  102  6:42  Roach x5  
  102  6:45  Ravager x3  
  102  6:46  Ravager  
  118  6:48  Overlord  
  118  6:54  Roach x2  
  122  6:56  Roach  
  124  7:02  Overlord  
  124  7:03  Hatchery  
  124  7:05  Drone x4  
  127  7:10  Zerg Missile Weapons Level 2  
  127  7:15  Roach, Unknown  
  129  7:16  Roach  
  133  7:22  Roach  
  133  7:23  Roach x2  
  133  7:27  Overlord  
  137  7:31  Extractor  
  137  7:32  Drone x3  
  137  7:33  Drone x2  
  137  7:35  Hydralisk Den  
  140  7:42  Roach x4  
  148  7:44  Overlord  
  148  7:52  Overseer, Overlord  
  148  7:53  Drone x2  
  148  7:55  Extractor  
  149  7:59  Roach x6  
  158  8:07  Roach  
  158  8:08  Roach  
  162  8:15  Overlord  
  162  8:16  Roach x7  
  176  8:28  Overlord  
  176  8:29  Ravager x2  
  176  8:31  Roach x3  
  184  8:36  Roach x4  
  192  8:43  Overlord  
  192  8:46  Overlord, Unknown  
  170  9:03  Roach x6  
  170  9:07  Roach x7  
  173  9:12  Roach x2  
  173  9:16  Roach x2  
  176  9:20  Roach x2  
  178  9:25  Roach  
  178  9:26  Roach  
  178  9:31  Roach  
  180  9:32  Roach x2  
  182  9:39  Roach, Unknown x2  
  182  9:40  Roach x2  
  182  9:44  Overlord  
  188  9:48  Ravager  
  188  9:52  Ravager x2  
  190  9:54  Roach  
  190  9:55  Roach  
  176  10:09  Roach x8  
  192  10:17  Unknown  
Show
View Real Time Build Order
Export as new Build Order

Nerchio Zerg 

Build Orders: Hatch First 

Get SALT Encoding   

  12  0:00  Drone  
  13  0:12  Overlord  
  13  0:17  Drone  
  14  0:30  Drone x2  
  14  0:34  Drone  
  17  0:52  Hatchery  
  17  0:55  Drone  
  17  1:06  Extractor  
  16  1:11  Spawning Pool  
  16  1:14  Drone  
  16  1:18  Drone  
  17  1:22  Drone  
  18  1:28  Drone  
  19  1:38  Overlord  
  19  1:49  Drone  
  20  1:58  Queen  
  20  1:59  Zergling x2  
  23  2:04  Queen  
  23  2:08  Metabolic Boost  
  25  2:11  Drone  
  25  2:15  Drone  
  27  2:18  Drone  
  27  2:21  Drone  
  29  2:25  Drone  
  30  2:34  Drone  
  30  2:35  Baneling Nest  
  30  2:51  Hatchery  
  29  2:53  Drone  
  29  2:56  Drone  
  31  2:58  Drone  
  31  3:04  Overlord  
  32  3:08  Drone  
  32  3:09  Drone  
  32  3:11  Zergling x2  
  35  3:14  Zergling x2  
  36  3:22  Zergling x2  
  36  3:23  Zergling x6  
  36  3:25  Zergling x2  
  41  3:28  Zergling x2  
  42  3:36  Baneling x2  
  42  3:40  Overlord  
  42  3:43  Drone x2  
  42  3:44  Overlord  
  44  3:58  Drone x6  
  50  4:03  Drone  
  50  4:06  Queen  
  53  4:10  Overlord  
  51  4:18  Extractor, Baneling x2  
  51  4:20  Drone x2  
  51  4:21  Roach Warren  
  51  4:22  Drone  
  51  4:23  Drone  
  53  4:25  Drone  
  51  4:42  Overlord  
  50  4:54  Drone x3  
  50  4:58  Drone x12  
  50  4:59  Lair  
  62  5:05  Extractor, Evolution Chamber  
  60  5:09  Roach x2  
  60  5:10  Roach  
  66  5:15  Zergling x6  
  66  5:21  Roach, Overlord  
  69  5:22  Roach  
  74  5:28  Roach x2  
  74  5:29  Roach  
  74  5:32  Overlord  
  74  5:35  Zerg Missile Weapons Level 1  
  78  5:38  Overlord  
  78  5:40  Extractor  
  78  5:42  Extractor  
  76  5:48  Extractor  
  76  5:49  Drone x8  
  83  5:50  Drone  
  83  5:51  Drone  
  85  5:58  Glial Reconstitution  
  85  6:00  Drone x4  
  88  6:06  Roach x2  
  92  6:11  Ravager  
  92  6:12  Ravager x3  
  92  6:13  Roach  
  92  6:14  Roach  
  92  6:15  Spine Crawler  
  92  6:16  Roach  
  101  6:23  Roach x2  
  101  6:24  Overlord x2  
  105  6:26  Overlord  
  105  6:29  Overlord  
  105  6:31  Overlord  
  105  6:34  Overlord  
  105  6:43  Roach  
  105  6:44  Roach x4  
  105  6:45  Roach  
  117  6:47  Roach  
  117  6:51  Ravager x3  
  117  6:52  Roach  
  122  6:56  Spine Crawler  
  122  6:57  Spine Crawler, Roach  
  122  7:01  Roach, Overseer  
  122  7:02  Roach  
  122  7:05  Roach  
  122  7:07  Roach x2  
  132  7:17  Roach x3  
  132  7:18  Overlord  
  132  7:21  Overlord x2  
  138  7:24  Overlord  
  138  7:29  Overlord  
  138  7:31  Overlord  
  138  7:42  Zerg Missile Weapons Level 2  
  138  7:43  Roach  
  140  7:44  Roach  
  140  7:46  Roach  
  140  7:49  Roach  
  140  7:50  Roach  
  150  7:51  Roach  
  150  7:52  Hatchery  
  150  7:55  Roach  
  150  7:56  Roach  
  153  8:02  Roach x3  
  153  8:04  Overlord  
  159  8:07  Overlord  
  159  8:10  Overlord  
  159  8:12  Unknown  
  159  8:17  Drone x2  
  159  8:18  Hydralisk Den, Overlord  
  160  8:27  Roach x5  
  160  8:28  Roach  
  172  8:35  Roach  
  172  8:36  Roach x3, Overseer  
  180  8:47  Overlord  
  174  8:56  Roach x2  
  174  8:58  Roach x8  
  174  9:01  Roach  
  163  9:05  Roach  
  163  9:09  Roach x2  
  145  9:11  Roach  
  145  9:15  Roach  
  128  9:19  Roach x2  
  128  9:21  Roach  
  128  9:24  Ravager x3  
  136  9:28  Ravager x3  
  136  9:30  Roach x2  
  136  9:31  Roach, Ravager x2  
  142  9:41  Roach x2  
  142  9:42  Hydralisk  
  139  9:48  Overseer  
  139  9:51  Roach x2  
  139  9:52  Roach x2  
  147  9:55  Roach x2  
  151  10:02  Roach  
  151  10:04  Roach x2  
  151  10:05  Roach x2  
  151  10:06  Roach  
  150  10:10  Roach x2  
  150  10:11  Roach  
Tags
 
Add a new tag
Caveats
  • Supply blocks, unpowered buildings, or Contaminate may cause inaccurate times.
  • Supply counts are checked every 10 seconds.